Map: Écho EC

Players

Obi

  • Race: Terran Terran
  • League: Grandmaster

AgCl - Winner!

  • Race: Protoss Protoss
  • League: Grandmaster

VOD

Have the link to the VOD?

Description

Time

  • Played on: May 29, 2015, 7:20 p.m.
  • Length: 10:37
Show
View Real Time Build Order
Export as new Build Order

Obi Terran 

Build Orders: MMM Bio 

Get SALT Encoding   

  12  0:01  SCV  
  13  0:13  SCV  
  14  0:19  Supply Depot  
  14  0:25  SCV  
  15  0:41  SCV, Barracks  
  16  0:45  Refinery  
  16  0:54  SCV  
  17  1:06  SCV  
  18  1:18  SCV  
  19  1:28  Command Center  
  20  1:35  Orbital Command  
  20  1:39  Barracks Tech Lab  
  19  2:00  Marauder  
  21  2:01  SCV  
  21  2:05  Bunker  
  22  2:10  Supply Depot  
  22  2:14  SCV  
  23  2:31  SCV, Marauder  
  26  2:41  Orbital Command  
  26  2:44  SCV  
  26  2:52  Barracks x2  
  26  2:53  Stimpack  
  26  2:59  Factory  
  26  3:01  Marine  
  27  3:06  SCV  
  27  3:07  Refinery  
  27  3:08  SCV  
  29  3:18  SCV  
  30  3:20  SCV  
  30  3:23  Marauder  
  33  3:30  SCV  
  33  3:32  SCV  
  35  3:35  Engineering Bay  
  35  3:42  SCV, Marine x2  
  35  3:43  Starport  
  35  3:46  Refinery  
  35  3:47  Factory Reactor  
  38  3:51  SCV  
  38  3:54  Refinery  
  39  3:58  Marauder  
  39  3:59  SCV  
  42  4:03  Barracks Reactor  
  42  4:04  Barracks Tech Lab  
  42  4:06  SCV  
  43  4:12  SCV  
  44  4:18  SCV  
  46  4:31  SCV  
  46  4:33  Factory Tech Lab  
  46  4:36  Supply Depot x2  
  46  4:47  Terran Infantry Weapons Level 1  
  46  4:53  Marine  
  46  4:54  Marine  
  46  4:55  SCV  
  46  4:57  Medivac x2  
  46  4:58  SCV, Marauder x2  
  55  5:05  Combat Shields  
  55  5:07  SCV  
  55  5:10  SCV  
  55  5:11  Marine  
  55  5:12  Marine  
  57  5:17  Missile Turret  
  57  5:19  Missile Turret  
  57  5:20  SCV  
  57  5:21  Marine x2  
  59  5:22  SCV  
  61  5:32  Marine  
  62  5:44  Command Center  
  62  5:46  Barracks Tech Lab  
  62  5:48  Missile Turret  
  62  5:57  Supply Depot x2  
  62  6:03  Marine  
  62  6:04  Marine  
  62  6:16  Barracks  
  62  6:17  Barracks  
  62  6:18  Factory  
  62  6:19  SCV x2, Cyclone, Viking, Marauder  
  62  6:20  Marine  
  62  6:22  Marine  
  62  6:23  Supply Depot  
  62  6:25  Supply Depot  
  73  6:30  Marine  
  73  6:31  SCV x2  
  76  6:37  Missile Turret  
  76  6:40  Marauder  
  76  6:44  Marine x2  
  76  6:45  SCV x2  
  82  6:48  Marine  
  79  7:01  Marine  
  79  7:02  Marine  
  79  7:06  Marauder  
  79  7:08  Factory Tech Lab  
  79  7:09  Barracks Reactor  
  79  7:10  Barracks Reactor  
  79  7:11  Terran Infantry Armor Level 1  
  79  7:12  Marine  
  78  7:16  Supply Depot  
  78  7:18  SCV x2, Supply Depot  
  78  7:19  Marauder  
  78  7:20  Marine  
  83  7:24  Missile Turret  
  83  7:27  Orbital Command  
  83  7:36  Armory, Engineering Bay  
  83  7:37  SCV x2  
  83  7:43  Marine  
  83  7:44  Marauder x2, Marine  
  91  7:53  SCV  
  91  7:54  SCV  
  87  8:09  Marine x5  
  87  8:10  Marauder x2  
  87  8:11  Missile Turret  
  92  8:14  Orbital Command  
  73  8:28  Viking x2  
  73  8:29  Marine x5  
  73  8:30  Marine  
  76  8:36  Missile Turret  
  76  8:38  Thor, Marine x2  
  76  8:39  Thor  
  90  8:47  Marine  
  82  8:49  Marine x4  
  82  8:50  Marine  
  85  8:55  Marine  
  85  8:56  Marine  
  81  9:04  Marine  
  81  9:07  Marine x5  
  81  9:09  Viking x2  
  85  9:13  Missile Turret, Marine x2  
  87  9:22  Marine  
  88  9:25  Marine  
  88  9:27  Orbital Command  
  88  9:28  SCV x2  
  79  9:49  Thor x2  
  79  9:50  Marine x2  
  79  9:51  Marine x5  
  99  9:53  Marine  
  99  9:57  SCV x2  
  101  10:00  Orbital Command  
  101  10:08  Marine x2  
  101  10:11  Marine  
Show
View Real Time Build Order
Export as new Build Order

AgCl Protoss - Winner!

Build Orders: Oracle Opening, Oracle Opening, Carrier Rush 

Get SALT Encoding   

  12  0:03  Probe  
  13  0:25  Probe  
  14  0:35  Assimilator  
  14  0:45  Pylon  
  14  1:03  Probe  
  15  1:08  Gateway  
  15  1:15  Probe  
  15  1:16  Pylon  
  16  1:28  Probe  
  17  1:36  Gateway  
  17  1:40  Probe  
  18  1:52  Probe (Chrono Boost)  
  19  2:02  Cybernetics Core  
  19  2:05  Probe (Chrono Boost), Nexus  
  20  2:14  Probe (Chrono Boost)  
  21  2:22  Probe  
  22  2:34  Probe (Chrono Boost)  
  22  2:35  Assimilator  
  22  2:40  Warp Gate  
  22  2:44  Stargate  
  22  2:47  Probe (Chrono Boost)  
  23  2:53  Probe (Chrono Boost)  
  24  3:04  Probe (Chrono Boost)  
  25  3:10  Mothership Core (Chrono Boost)  
  27  3:19  Probe (Chrono Boost)  
  28  3:27  Pylon  
  28  3:29  Oracle (Chrono Boost)  
  28  3:30  Probe (Chrono Boost)  
  28  3:32  Probe (Chrono Boost)  
  33  3:40  Probe (Chrono Boost)  
  35  3:42  Probe (Chrono Boost)  
  37  3:49  Probe (Chrono Boost)  
  37  3:50  Probe (Chrono Boost), Assimilator  
  38  3:57  Probe (Chrono Boost)  
  38  3:59  Probe (Chrono Boost)  
  39  4:04  Probe (Chrono Boost)  
  39  4:05  Fleet Beacon  
  39  4:06  Probe  
  41  4:15  Probe (Chrono Boost)  
  42  4:19  Probe (Chrono Boost)  
  43  4:27  Probe (Chrono Boost)  
  45  4:31  Probe (Chrono Boost)  
  45  4:36  Probe (Chrono Boost)  
  45  4:38  Probe (Chrono Boost)  
  47  4:42  Pylon  
  47  4:44  Probe  
  48  4:48  Probe (Chrono Boost)  
  48  4:50  Carrier (Chrono Boost)  
  49  4:55  Nexus  
  49  4:56  Probe (Chrono Boost)  
  51  5:01  Assimilator  
  51  5:06  Probe (Chrono Boost)  
  52  5:07  Probe (Chrono Boost)  
  52  5:12  Probe (Chrono Boost)  
  52  5:13  Probe  
  60  5:17  Protoss Air Weapons Level 1  
  60  5:27  Pylon  
  60  5:32  Assimilator  
  60  5:35  Graviton Catapult  
  60  5:40  Stargate  
  60  5:41  Pylon  
  60  5:42  Nexus  
  60  5:43  Pylon  
  60  5:45  Probe  
  60  5:47  Probe, Pylon  
  62  5:52  Carrier (Chrono Boost)  
  62  5:57  Probe  
  62  5:59  Probe  
  64  6:07  Probe  
  64  6:10  Pylon, Carrier (Chrono Boost)  
  71  6:22  Gateway  
  71  6:23  Gateway, Assimilator  
  77  6:26  Probe  
  77  6:27  Probe  
  76  6:35  Probe  
  76  6:39  Adept  
  76  6:53  Probe (Chrono Boost)  
  78  6:57  Probe (Chrono Boost), Nexus  
  78  7:00  Pylon  
  75  7:12  Gateway, Carrier (Chrono Boost)  
  75  7:13  Carrier (Chrono Boost)  
  75  7:14  Pylon  
  75  7:18  Pylon  
  75  7:20  Protoss Air Weapons Level 2, Forge  
  87  7:58  Photon Cannon  
  84  8:12  Carrier x2 (Chrono Boost)  
  78  8:16  Pylon  
  78  8:32  Probe  
  85  8:38  Probe  
  92  9:02  Carrier x2 (Chrono Boost)  
  86  9:12  Twilight Council  
  86  9:16  Pylon  
  86  9:21  Gateway  
  86  9:23  Pylon  
  98  9:42  Adept x4  
  98  9:43  Pylon  
  98  9:45  Nexus  
  106  9:50  Photon Cannon  
  106  9:52  Pylon  
  106  10:03  Robotics Facility  
  106  10:12  Nexus  
  106  10:13  Pylon  
  100  10:35  Pylon  
Tags
 
Add a new tag
Caveats
  • Supply blocks, unpowered buildings, or Contaminate may cause inaccurate times.
  • Supply counts are checked every 10 seconds.